Map: Romanticide LE

Players

AqueroN

  • Race: Terran Terran
  • League: Grandmaster
  • Spawn Location: 5:00

Vanya - Winner!

  • Race: Zerg Zerg
  • League: Master
  • Spawn Location: 11:00

Event: DreamHack SC2 Masters 2020 Winter

VOD

Have the link to the VOD?

Description

Time

  • Played on: Nov. 1, 2020, 11:27 a.m.
  • Length: 10:08

All games in this series

Show
View Real Time Build Order
Export as new Build Order

AqueroN Terran 

Build Orders: Reaper Expand 

Get SALT Encoding   

  12  0:00  SCV  
  13  0:12  SCV  
  14  0:17  Supply Depot  
  14  0:24  SCV  
  15  0:39  SCV  
  15  0:40  Barracks  
  16  0:44  Refinery  
  16  0:51  SCV  
  17  1:03  SCV  
  18  1:15  SCV  
  19  1:27  Reaper  
  19  1:28  Orbital Command  
  20  1:39  Command Center  
  20  1:51  Supply Depot  
  20  1:53  SCV  
  21  1:59  Marine  
  22  2:05  SCV  
  23  2:11  Factory  
  22  2:17  SCV  
  22  2:22  Barracks Reactor  
  23  2:23  Refinery  
  23  2:29  SCV  
  24  2:41  SCV  
  25  2:52  Orbital Command  
  25  2:54  SCV  
  26  3:00  Starport  
  26  3:05  Hellion x2  
  30  3:06  SCV  
  31  3:14  Marine  
  31  3:18  SCV x2  
  34  3:26  Hellion x2  
  38  3:27  Refinery  
  38  3:30  SCV x2  
  40  3:38  Supply Depot  
  40  3:43  Fusion Core  
  40  3:44  SCV x2  
  42  3:52  Starport  
  42  3:56  SCV  
  42  3:58  Hellion  
  42  4:01  Hellion  
  47  4:03  SCV  
  47  4:07  Starport Tech Lab  
  47  4:09  SCV  
  49  4:14  Supply Depot  
  49  4:15  SCV  
  50  4:25  SCV  
  50  4:30  Starport Tech Lab  
  51  4:32  Supply Depot  
  51  4:36  Battlecruiser  
  51  4:37  SCV  
  58  4:38  SCV  
  58  4:50  Supply Depot x2  
  56  4:53  Hellion  
  56  4:55  Hellion  
  56  4:56  Bunker  
  61  5:10  Battlecruiser  
  65  5:17  SCV  
  66  5:22  Hellion x2  
  67  5:34  Supply Depot  
  67  5:35  Supply Depot  
  66  5:36  Supply Depot  
  61  5:44  Orbital Command  
  48  5:56  Hellion  
  39  6:05  Hellion  
  25  6:16  Orbital Command  
  12  7:18  Orbital Command  
  12  7:22  Liberator  
  12  8:46  Orbital Command  
  12  9:08  Orbital Command  
Show
View Real Time Build Order
Export as new Build Order

Vanya Zerg - Winner!

Build Orders: Pool First 

Get SALT Encoding   

  12  0:04  Drone  
  13  0:13  Overlord  
  13  0:16  Drone  
  14  0:31  Drone x2  
  16  0:37  Drone  
  17  0:45  Spawning Pool  
  17  0:48  Drone  
  17  1:08  Hatchery  
  17  1:10  Drone  
  17  1:15  Extractor  
  16  1:31  Zergling x6  
  16  1:32  Queen  
  21  1:45  Overlord  
  21  1:54  Drone  
  22  2:06  Drone  
  23  2:09  Queen  
  25  2:15  Metabolic Boost  
  25  2:17  Drone  
  25  2:22  Drone  
  27  2:32  Hatchery  
  27  2:35  Drone  
  27  2:39  Drone  
  27  2:42  Drone  
  29  2:47  Drone  
  29  2:48  Drone  
  31  2:51  Drone  
  31  2:55  Overlord  
  32  3:03  Queen  
  34  3:07  Drone  
  34  3:10  Drone  
  36  3:15  Drone x2  
  36  3:17  Drone  
  36  3:19  Drone  
  41  3:20  Drone  
  41  3:23  Overlord  
  41  3:25  Drone  
  42  3:28  Drone  
  43  3:35  Roach Warren  
  43  3:36  Extractor  
  43  3:37  Drone  
  43  3:39  Drone  
  43  3:47  Overlord  
  43  3:52  Zergling x6  
  43  3:53  Zergling x4  
  48  4:01  Overlord  
  48  4:15  Roach x5  
  48  4:16  Roach x2  
  61  4:18  Overlord  
  61  4:21  Roach  
  63  4:30  Roach x3  
  68  4:42  Zergling x12  
  72  4:48  Zergling x2  
  72  4:49  Zergling x2  
  74  4:57  Zergling x8  
  78  5:00  Zergling x2  
  78  5:02  Overlord  
  78  5:04  Overlord  
  78  5:05  Ravager x2  
  78  5:06  Zergling x4, Ravager  
  81  5:21  Zergling x12  
  87  5:23  Ravager  
  88  5:31  Drone x5  
  93  5:38  Spore Crawler  
  93  5:40  Overlord, Spore Crawler  
  88  5:46  Drone x4  
  88  5:48  Drone  
  88  5:49  Drone  
  91  5:51  Drone  
  91  5:55  Drone x2  
  85  5:57  Drone  
  85  6:03  Drone  
  82  6:08  Ravager  
  82  6:10  Drone  
  78  6:13  Spore Crawler, Drone x4  
  78  6:17  Drone x2  
  81  6:22  Spore Crawler  
  81  6:23  Spore Crawler  
  81  6:24  Queen  
  78  6:30  Spore Crawler x3  
  73  6:36  Spore Crawler x2  
  62  6:41  Queen  
  64  6:51  Drone x2  
  64  6:52  Drone x3  
  69  6:54  Queen  
  69  6:55  Spore Crawler  
  69  7:05  Queen  
  68  7:09  Overlord  
  68  7:12  Overlord  
  68  7:15  Spore Crawler  
  65  7:30  Queen  
  65  7:32  Spore Crawler x2  
  64  7:41  Queen  
  64  7:43  Drone  
  65  7:45  Drone x3  
  67  7:59  Overlord  
  67  8:00  Drone  
  68  8:09  Overlord  
  68  8:10  Hatchery  
  69  8:14  Spore Crawler  
  69  8:16  Queen  
  69  8:19  Lair  
  55  8:48  Drone  
  55  8:49  Drone x5  
  55  8:50  Spore Crawler  
  55  8:51  Drone  
  55  8:52  Spore Crawler, Queen, Drone  
  55  8:54  Spore Crawler  
  58  9:07  Spore Crawler  
  58  9:08  Spore Crawler, Drone x2  
  58  9:12  Overlord  
  54  9:19  Queen  
  54  9:26  Spire  
  54  9:27  Extractor  
  54  9:28  Queen  
  54  9:29  Queen  
  54  9:30  Drone x6  
  59  9:39  Extractor  
  59  9:44  Zergling x10  
Tags
 
Add a new tag
Caveats
  • Supply blocks, unpowered buildings, or Contaminate may cause inaccurate times.
  • Supply counts are checked every 10 seconds.